 Dungeon Crawl Stone Soup version 0.21.1-1-g345015f (webtiles) character file.

42 tidbits the Charmwright (level 3, 0/31 HPs)
             Began as a Gnoll Skald on June 27, 2018.
             Slain by a centaur (2 damage)
             ... on level 5 of the Dungeon.
             The game lasted 00:02:11 (232 turns).

tidbits the Charmwright (Gnoll Skald)                Turns: 232, Time: 00:02:12

Health: 0/31       AC:  3    Str: 13    XL:     3   Next: 54%
Magic:  5/9        EV: 14    Int: 16    God:
Gold:   9          SH:  0    Dex: 14    Spells: 1/12 levels left

rFire    + . .     SeeInvis .   a - +0 hand axe
rCold    + . .     Gourm    .   (no shield)
rNeg     . . .     Faith    .   b - +0 leather armour
rPois    +         Spirit   .   (no helmet)
rElec    +         Reflect  .   (no cloak)
rCorr    +         Harm     .   (no gloves)
MR       .....                  (no boots)
Stlth    +.........             (no amulet)
HPRegen  0.10/turn              (no ring)
MPRegen  0.11/turn              (no ring)

@: resistant, singing, very slightly contaminated, glowing
A: distributed training, fangs 1, strong nose
a: no special abilities


You were on level 5 of the Dungeon.
You were not hungry.

You visited 1 branch of the dungeon, and saw 5 of its levels.

You collected 9 gold pieces.

Inventory:

Hand Weapons
 a - a +0 hand axe (weapon)
Armour
 b - a +0 leather armour (worn)
Scrolls
 h - 2 scrolls of blinking {unknown}
Books
 c - a book of Battle

   Spells                             Type                      Level
   a - Infusion                       Charms                       1
   b - Shroud of Golubria             Charms/Translocation         2
   c - Song of Slaying                Charms                       2
   d - Spectral Weapon                Hexes/Charms                 3
   e - Regeneration                   Charms/Necromancy            3
 f - a book of Minor Magic
   (You found it on level 3 of the Dungeon)

   Spells                             Type                      Level
   a - Magic Dart                     Conjuration                  1
   b - Blink                          Translocation                2
   c - Call Imp                       Summoning                    2
   d - Slow                           Hexes                        2
   e - Conjure Flame                  Conjuration/Fire             3
   f - Mephitic Cloud                 Conjuration/Poison/Air       3
Comestibles
 d - 2 rations


   Skills:
 + Level 4.5 Fighting
 + Level 0.8 Short Blades
 + Level 0.8 Long Blades
 + Level 4.5 Axes
 + Level 0.8 Maces & Flails
 + Level 0.8 Polearms
 + Level 0.8 Staves
 + Level 0.8 Slings
 + Level 0.8 Bows
 + Level 0.8 Crossbows
 + Level 0.8 Throwing
 + Level 2.6 Armour
 + Level 4.5 Dodging
 + Level 0.8 Stealth
 + Level 0.8 Shields
 + Level 0.8 Unarmed Combat
 + Level 5.0 Spellcasting
 + Level 0.5 Conjurations
 + Level 0.5 Hexes
 + Level 5.4 Charms
 + Level 0.5 Summonings
 + Level 0.5 Necromancy
 + Level 0.5 Translocations
 + Level 0.5 Transmutations
 + Level 0.5 Fire Magic
 + Level 0.5 Ice Magic
 + Level 0.5 Air Magic
 + Level 0.5 Earth Magic
 + Level 0.5 Poison Magic
 + Level 1.0 Invocations
 + Level 0.8 Evocations


You had one spell level left.
You knew the following spells:

 Your Spells              Type           Power        Failure   Level  Hunger
g - Shroud of Golubria    Chrm/Tloc      ##........   9%          2    #......
i - Infusion              Chrm           ###.         1%          1    None
r - Regeneration          Chrm/Necr      ##........   17%         3    ###....
w - Spectral Weapon       Hex/Chrm       ##......     17%         3    ###....
y - Song of Slaying       Chrm           ###.....     3%          2    #......


Dungeon Overview and Level Annotations

Branches:
Dungeon (5/15)
 Temple: D:4-7

Altars:

Annotations:
D:4 ByGGy's ghost, amateur HOFi


Innate Abilities, Weirdness & Mutations

Your experience applies equally to all skills.
You have very sharp teeth.
Your uncanny sense of smell can sniff out nearby items.


Message History

It was a potion of resistance.
You feel protected. ByGGy's ghost hits you!
* * * LOW HITPOINT WARNING * * *
It was a potion of ambrosia.
You are confused.
You feel invigorated. ByGGy's ghost closely misses you.
You bump into the rock wall.
Your song is almost over.
ByGGy's ghost hits you!
* * * LOW HITPOINT WARNING * * *
ByGGy's ghost misses you.
You slash the leopard gecko!
You kill the leopard gecko!
You hit ByGGy's ghost but do no damage. ByGGy's ghost misses you.
You're too confused to move!
ByGGy's ghost barely misses you.
You're too confused to move!
Your song has ended.
ByGGy's ghost hits you!
ByGGy's ghost hits you but does no damage.
You're too confused to move!
You feel less invigorated.
You feel less confused. ByGGy's ghost completely misses you.
ByGGy's ghost barely misses you.
There is a stone staircase leading down here.
ByGGy's ghost barely misses you.
You climb downwards.
A bullfrog zombie comes into view.
Found a fuming black potion.
There is a stone staircase leading up here.
Found a stone staircase leading down.
A centaur comes into view.
A centaur comes into view.
The centaur shouts! x2; You hear a shout!
The centaur moves out of view.
Found a glowing leather armour.
A crimson imp and a shadow imp come into view.
A centaur skeleton comes into view.
The centaur wields a shortbow.
The centaur shoots an arrow.
The arrow barely misses you.
You see here an arrow.
Unknown command.
The crimson imp shouts!
Casting: Infusion
Confirm with . or Enter, or press ? or * to list all spells.
You start singing a song of slaying.
You hear a howl!
You hear a shout!
A howler monkey comes into view.
You aren't carrying any potions.
Unknown command.
The centaur wields a shortbow.
The centaur shoots an arrow.
The arrow barely misses you.
You see here an arrow.
Unknown command.
The centaur shoots an arrow.
The arrow hits you!
The centaur shoots an arrow.
The arrow closely misses you.
Things that are here:
2 arrows; a fuming black potion The centaur unwields an uncursed shortbow.
The centaur barely misses you.
Casting: Song of Slaying
Confirm with . or Enter, or press ? or * to list all spells.
You miscast Spectral Weapon.
You are very lightly contaminated with residual magic.
You are outlined in light.
The centaur closely misses you.
The centaur shoots an arrow.
The arrow misses you.
The arrow hits the centaur!
The crimson imp puffs mist at you.
The crimson imp blinks!
The centaur closely misses you.
You barely miss the centaur.
The centaur is heavily wounded.
The centaur barely misses you.
The centaur shoots an arrow.
The arrow closely misses you.
The arrow completely misses the centaur.
You barely miss the centaur.
The centaur is heavily wounded.
You hear a shout!
The centaur barely misses you.
The centaur shoots an arrow.
The arrow hits you.
* * * LOW HITPOINT WARNING * * *
The centaur hits you!
* * * LOW HITPOINT WARNING * * *
You aren't carrying any potions.
Unknown command.
You hit the centaur but do no damage.
The centaur is heavily wounded.
The centaur completely misses you.
The centaur unwields an uncursed shortbow.
The centaur hits you but does no damage.
You slash the howler monkey! You bite the howler monkey.
The howler monkey is heavily wounded.
You barely miss the centaur. You hit the centaur but do no damage.
The centaur hits you.
* * * LOW HITPOINT WARNING * * *
The howler monkey barely misses you. The centaur misses you.
The centaur closely misses you.
The howler monkey hoots and howls with incredible vigour!
You hear a bark!
You hear an angry hiss. x3
You hit the howler monkey. Your bite misses the howler monkey.
The howler monkey is severely wounded.
You barely miss the centaur. You hit the centaur. The centaur hits you.
You die...

###.### .
#####.....# .#
Z......<..####.###
##.............>.∆
#.##.....##.#.##h#
#..............
#.#.#...##....
#.#.#c#(##....
#.#..@h........
#.##c#######...
...5#Z....# ..
...#.5 .#.#.#. ##
#....#[#....
(..#.#.#.#...
....#.....#...
..... ######..


You could see 2 centaurs, a howler monkey, a crimson imp, a shadow imp and a
centaur skeleton.

Vanquished Creatures
  A worker ant (D:4)
  2 leopard geckos
  3 orcs (D:3)
  A goblin (D:1)
  2 hobgoblins
  A kobold (D:2)
  3 bats
13 creatures vanquished.

Notes
Turn   | Place    | Note
-------+----------+-------------------------------------------
     0 | D:1      | tidbits the Gnoll Skald began the quest for the Orb.
     0 | D:1      | Reached XP level 1. HP: 20/20 MP: 6/6
    61 | D:1      | Reached XP level 2. HP: 26/26 MP: 1/7
    69 | D:2      | Learned a level 2 spell: Song of Slaying
   189 | D:4      | Reached skill level 5 in Spellcasting
   189 | D:4      | Reached skill level 1 in Invocations
   189 | D:4      | Reached XP level 3. HP: 19/31 MP: 0/9
   193 | D:4      | Learned a level 2 spell: Shroud of Golubria
   197 | D:4      | Learned a level 3 spell: Regeneration
   199 | D:4      | Noticed ByGGy's ghost (amateur HOFi)
   201 | D:4      | Learned a level 3 spell: Spectral Weapon
   204 | D:4      | HP: 2/31 [ByGGy's ghost (15)]
   216 | D:5      | Entered Level 5 of the Dungeon
   218 | D:5      | Noticed a centaur
   219 | D:5      | Noticed a centaur
   231 | D:5      | HP: 2/31 [centaur (3)]
   232 | D:5      | Slain by a centaur

Skill      XL: |  1  2 |
---------------+-------+-----
Spellcasting   | 5 |  5.0
Invocations    | 1 |  1.0
Fighting       | |  4.5
Short Blades   | |  0.8
Long Blades    | |  0.8
Axes           | |  4.5
Maces & Flails | |  0.8
Polearms       | |  0.8
Staves         | |  0.8
Slings         | |  0.8
Bows           | |  0.8
Crossbows      | |  0.8
Throwing       | |  0.8
Armour         | |  2.6
Dodging        | |  4.5
Stealth        | |  0.8
Shields        | |  0.8
Unarmed Combat | |  0.8
Conjurations   | |  0.5
Hexes          | |  0.5
Charms         | |  5.4
Summonings     | |  0.5
Necromancy     | |  0.5
Translocations | |  0.5
Transmutations | |  0.5
Fire Magic     | |  0.5
Ice Magic      | |  0.5
Air Magic      | |  0.5
Earth Magic    | |  0.5
Poison Magic   | |  0.5
Evocations     | |  0.8

Action                   || total
-------------------------++-------
Melee: Hand axe          ||    38
       Bite              ||     2
 Cast: Infusion          ||     3
       Song of Slaying   ||     3
  Use: Potion            ||     2
Armor: Leather armour    ||    10
Dodge: Dodged            ||    44

Table legend:
 A = Turns spent in this place as a percentage of turns spent in the entire game.
 B = Non-inter-level travel turns spent in this place as a percentage of non-inter-level travel turns spent in the entire game.
 C = Inter-level travel turns spent in this place as a percentage of turns spent in this place.
 D = Turns resting spent in this place as a percentage of non-inter-level travel turns spent in this place.
 E = Turns spent auto-exploring this place as a percentage of non-inter-level travel turns spent in this place.
 F = Non-inter-level travel turns spent in this place divided by the number of levels of this place that you've seen.
                   A       B       C       D       E      F
               +-------+-------+-------+-------+-------+----------------------
         Total | 100.0 | 100.0 |   0.0 |   0.0 |   0.0 |  46.4
       Dungeon | 100.0 | 100.0 |   0.0 |   0.0 |   0.0 |  46.4
               +-------+-------+-------+-------+-------+----------------------

Table legend:
 A = Kills in this place as a percentage of kills in entire the game.
 B = Kills by you in this place as a percentage of kills by you in the entire game.
 C = Kills by friends in this place as a percentage of kills by friends in the entire game.
 D = Other kills in this place as a percentage of other kills in the entire game.
 E = Experience gained in this place as a percentage of experience gained in the entire game.
 F = Experience gained in this place divided by the number of levels of this place that you have seen.
                   A       B       C       D       E      F
               +-------+-------+-------+-------+-------+----------------------
         Total | 100.0 | 100.0 |   N/A |   N/A | 100.0 |  12.0
       Dungeon | 100.0 | 100.0 |   N/A |   N/A | 100.0 |  12.0
               +-------+-------+-------+-------+-------+----------------------

Vault maps used:
D:1:      lightli_arrival_statue_moat
D:2:      hangedman_ru_absence, first_ration, hex_large, minmay_pentomino_o4
D:3:      minmay_misc_feat_secret_circle, uniq_purgy
D:4:      nicolae_overflow_crystal_walls, minmay_misc_feat_chi
D:5:      grunt_temple_overflow_forces_of_nature, minmay_checkerbox,
          uniq_eustachio
